Map: Winter's Gate LE

Players

TheWhiteHair

  • Race: Protoss Protoss
  • League: Platinum
  • Spawn Location: 5:00

pHARM - Winner!

  • Race: Zerg Zerg
  • League: Platinum
  • Spawn Location: 11:00

VOD

Have the link to the VOD?

Description

Time

  • Played on: Oct. 6, 2019, 12:43 a.m.
  • Length: 18:59
Show
View Real Time Build Order
Export as new Build Order

TheWhiteHair Protoss 

Build Orders: 1 Gate Expand, Mass Adepts 

Get SALT Encoding   

  12  0:01  Probe  
  13  0:13  Probe  
  14  0:24  Pylon  
  14  0:33  Probe (Chrono Boost)  
  16  0:44  Probe (Chrono Boost)  
  16  0:46  Gateway  
  16  0:49  Probe (Chrono Boost)  
  16  0:51  Assimilator  
  17  1:00  Probe  
  18  1:13  Probe (Chrono Boost)  
  19  1:22  Probe (Chrono Boost)  
  20  1:32  Nexus  
  20  1:38  Cybernetics Core  
  20  1:41  Probe  
  21  1:53  Probe  
  22  2:01  Assimilator  
  22  2:02  Pylon  
  22  2:05  Probe  
  23  2:19  Zealot (Chrono Boost), Twilight Council  
  25  2:25  Probe  
  26  2:30  Warp Gate  
  26  2:37  Probe  
  26  2:43  Adept (Chrono Boost)  
  27  2:49  Probe x2  
  31  2:59  Resonating Glaives  
  31  3:01  Probe x2  
  33  3:06  Pylon  
  33  3:13  Probe x2  
  33  3:14  Adept (Chrono Boost)  
  37  3:25  Gateway, Probe  
  38  3:31  Pylon  
  38  3:36  Adept  
  38  3:39  Gateway  
  40  3:48  Gateway  
  40  3:50  Probe x2  
  42  3:57  Gateway  
  42  4:12  Probe x2  
  44  4:19  Gateway  
  44  4:22  Adept x2  
  44  4:24  Probe x2  
  50  4:34  Adept  
  52  4:43  Adept x3  
  58  4:46  Probe x2  
  58  4:52  Pylon  
  60  4:55  Adept  
  62  5:18  Adept x3  
  62  5:19  Adept  
  60  5:54  Dark Shrine  
  60  5:56  Robotics Facility  
  60  5:58  Robotics Facility  
  60  6:01  Assimilator  
  60  6:02  Assimilator  
  60  6:06  Stalker x5  
  60  6:09  Nexus  
  70  6:14  Pylon  
  70  6:16  Pylon  
  68  6:23  Zealot  
  59  6:36  Stalker  
  59  6:37  Stalker x4  
  63  6:41  Probe x2  
  59  6:53  Probe  
  54  6:57  Probe  
  55  7:03  Immortal  
  55  7:05  Probe  
  60  7:08  Immortal  
  60  7:13  Probe  
  65  7:17  Probe  
  65  7:19  Dark Templar  
  68  7:24  Dark Templar  
  70  7:34  Probe x2  
  72  7:46  Dark Templar  
  74  8:11  Stalker x2  
  74  8:12  Stalker x3  
  84  8:14  Probe x2  
  86  8:27  Immortal x2 (Chrono Boost), Probe x2  
  92  8:34  Dark Templar  
  92  8:49  Probe x3  
  92  8:50  Forge  
  92  8:52  Sentry x2  
  92  8:53  Forge  
  99  9:01  Probe x3  
  101  9:03  Observer (Chrono Boost)  
  101  9:17  Pylon  
  101  9:18  Gateway  
  101  9:20  Pylon  
  101  9:23  Gateway  
  101  9:35  Probe x3  
  104  9:40  Observer (Chrono Boost)  
  104  9:41  Immortal (Chrono Boost)  
  109  9:47  Pylon, Probe x2, Dark Templar  
  113  10:05  Dark Templar x3  
  117  10:07  Probe x2  
  117  10:11  Assimilator  
  119  10:15  Assimilator  
  119  10:19  Archon  
  118  10:23  Protoss Ground Armor Level 1, Protoss Ground Weapons Level 1  
  118  10:27  Pylon  
  118  10:29  Pylon  
  118  10:32  Pylon  
  118  10:34  Pylon  
  117  10:45  Warp Prism, Probe x3  
  122  10:52  Sentry x4  
  122  10:54  Zealot, Nexus  
  122  10:55  Zealot  
  134  10:58  Pylon  
  134  11:00  Pylon  
  134  11:05  Pylon  
  134  11:07  Pylon, Probe  
  134  11:08  Probe x2  
  134  11:09  Stalker x2  
  141  11:20  Probe x3  
  144  11:44  Stalker x2  
  144  11:45  Stalker x4  
  144  11:46  Stalker x2  
  160  11:48  Immortal  
  158  12:11  Observer  
  158  12:15  Stalker x5  
  160  12:16  Stalker x3  
  160  12:18  Probe x2  
  160  12:19  Probe  
  173  12:30  Probe  
  173  12:31  Probe x2  
  173  12:35  Dark Templar x2  
  159  13:13  Robotics Bay  
  159  13:17  Protoss Ground Armor Level 2, Protoss Ground Weapons Level 2  
  159  13:18  Probe x3  
  162  13:20  Stargate  
  162  13:21  Stargate  
  162  13:24  Dark Templar x4  
  162  13:26  Zealot x4  
  178  13:28  Archon  
  178  13:29  Archon  
  178  13:31  Probe  
  178  13:32  Probe  
  148  14:00  Colossus (Chrono Boost), Stalker x4  
  148  14:01  Stalker x4  
  146  14:26  Stalker x3  
  146  14:27  Stalker x5  
  146  14:30  Probe x3  
  157  14:36  Probe  
  158  14:42  Probe x2  
  160  14:52  Extended Thermal Lance (Chrono Boost)  
  156  14:57  Colossus x2  
  168  15:08  Dark Templar  
  168  15:09  Zealot  
  168  15:10  Zealot x5  
  168  15:11  Zealot  
  184  15:18  Probe  
  184  15:19  Probe x3  
  188  15:51  Protoss Ground Weapons Level 3 (Chrono Boost)  
  188  15:52  Protoss Ground Armor Level 3 (Chrono Boost)  
  176  16:03  Templar Archives  
  172  16:09  Nexus  
  172  16:17  Colossus  
  178  16:26  Observer  
  178  16:30  Assimilator  
  179  16:33  Assimilator  
  179  16:35  Assimilator  
  179  16:37  Assimilator  
  179  16:38  Pylon  
  179  16:41  Pylon  
  179  16:43  Pylon  
  179  16:45  Pylon  
  179  16:49  Dark Templar x2  
  179  16:50  Zealot x2  
  179  16:52  Nexus  
  179  16:54  Pylon  
  187  16:56  Pylon  
  187  16:57  Pylon  
  187  17:02  Pylon  
  187  17:23  Dark Templar x3  
  187  17:24  Zealot x3  
  199  17:31  Gateway  
  199  17:33  Gateway  
  199  17:35  Gateway  
  199  17:37  Gateway  
  169  18:20  Stalker x2  
  169  18:21  Stalker x6  
  103  18:46  Dark Templar  
  103  18:47  Zealot x2  
  103  18:48  Zealot x7  
  127  18:49  Zealot x2  
Show
View Real Time Build Order
Export as new Build Order

pHARM Zerg - Winner!

Build Orders: Hatch First 

Get SALT Encoding   

  12  0:01  Drone  
  13  0:15  Overlord  
  13  0:17  Drone  
  14  0:34  Drone x2  
  16  0:53  Hatchery  
  15  1:00  Drone  
  15  1:01  Drone  
  17  1:16  Spawning Pool  
  17  1:17  Drone  
  17  1:18  Drone  
  18  1:32  Drone  
  19  1:40  Drone  
  20  1:51  Drone  
  21  2:00  Extractor  
  21  2:11  Drone x3, Queen  
  21  2:12  Queen  
  28  2:28  Hatchery  
  27  2:32  Drone  
  27  2:34  Overlord x2  
  28  2:52  Queen  
  28  2:56  Drone x5  
  35  3:08  Drone x2  
  37  3:22  Drone x3  
  40  3:35  Overlord x2  
  40  3:39  Extractor  
  39  3:41  Extractor  
  39  3:43  Extractor  
  39  3:45  Drone  
  39  3:46  Drone x4  
  42  3:49  Overlord  
  42  4:12  Evolution Chamber, Roach Warren  
  42  4:13  Evolution Chamber  
  39  4:22  Drone x5  
  44  4:44  Zerg Missile Weapons Level 1  
  44  4:53  Roach x5  
  44  4:55  Roach  
  44  4:58  Roach  
  58  5:01  Roach  
  58  5:06  Roach  
  64  5:07  Roach  
  64  5:11  Spine Crawler  
  64  5:13  Roach x2  
  67  5:55  Drone  
  67  5:56  Overlord  
  67  5:57  Overlord x3  
  68  6:00  Lair  
  68  6:16  Hatchery  
  43  7:03  Glial Reconstitution  
  43  7:06  Zerg Missile Weapons Level 2  
  43  7:07  Zerg Ground Armor Level 1  
  43  7:12  Extractor  
  42  7:15  Drone  
  42  7:16  Hydralisk Den, Drone x3  
  42  7:19  Drone x3  
  48  7:23  Drone x7  
  55  7:40  Drone  
  49  8:00  Overseer  
  49  8:01  Overseer  
  49  8:02  Roach x9  
  57  8:19  Roach x5  
  55  8:47  Drone x12  
  67  8:48  Queen  
  67  8:49  Queen  
  67  8:52  Spine Crawler  
  67  8:54  Spore Crawler  
  64  9:09  Spore Crawler, Spine Crawler  
  62  9:15  Drone x9  
  71  9:22  Drone  
  71  9:23  Drone x4  
  76  9:30  Spine Crawler  
  75  9:33  Spore Crawler  
  74  10:10  Drone x13  
  74  10:12  Grooved Spines  
  87  10:16  Drone x4  
  91  10:23  Extractor  
  91  10:26  Extractor  
  89  10:44  Drone x2  
  89  10:47  Drone x7  
  98  10:53  Overlord x7  
  98  10:58  Zerg Ground Armor Level 2  
  98  11:07  Infestation Pit  
  97  11:23  Muscular Augments  
  97  11:27  Hydralisk x13  
  123  11:37  Hydralisk  
  125  11:43  Hydralisk x2  
  125  11:47  Hive  
  129  11:49  Spire  
  129  11:50  Hydralisk x4  
  129  11:53  Hydralisk x2  
  129  11:54  Hydralisk  
  141  12:08  Hydralisk x4  
  143  12:18  Hydralisk x6  
  153  12:29  Overlord  
  151  12:57  Hydralisk  
  151  12:58  Hydralisk x4  
  141  13:07  Hydralisk x7  
  153  13:13  Overseer  
  153  13:15  Overseer  
  153  13:18  Hatchery  
  150  13:31  Overlord x4  
  144  14:17  Hatchery  
  129  14:50  Hydralisk x6  
  129  14:52  Spore Crawler  
  140  14:57  Spire, Spine Crawler  
  138  15:34  Zerg Missile Weapons Level 3, Zerg Ground Armor Level 3  
  138  16:20  Corruptor x6  
  138  16:24  Greater Spire  
  150  16:33  Roach x12  
  174  16:56  Overlord  
  174  16:57  Overlord x3  
  174  17:00  Hatchery  
  173  17:08  Corruptor x5  
  173  17:11  Overlord x5  
  183  17:33  Corruptor x4  
  183  17:34  Corruptor  
  177  18:33  Brood Lord  
  161  18:34  Brood Lord  
  161  18:35  Brood Lord  
Tags
 
Add a new tag
Caveats
  • Supply blocks, unpowered buildings, or Contaminate may cause inaccurate times.
  • Supply counts are checked every 10 seconds.